 Dungeon Crawl Stone Soup version 0.21-a0-471-gd587bd5 (webtiles) character file.

4 theanonym the Vexing (level 1, 0/7 HPs)
             Began as a Felid Enchanter on Nov 22, 2017.
             Slain by a giant cockroach (1 damage)
             ... on level 1 of the Dungeon.
             The game lasted 00:01:00 (244 turns).

theanonym the Vexing (Felid Enchanter)               Turns: 244, Time: 00:01:01

Health: 0/7        AC:  1    Str:  4    XL:     1   Next: 50%
Magic:  3/4        EV: 18    Int: 16    God:
Gold:   35         SH:  0    Dex: 16    Spells: 3/4 levels left
                                        Lives:  0   Deaths: 0

rFire    . . .     SeeInvis +     - Unarmed
rCold    . . .     Gourm    .   (shield unavailable)
rNeg     . . .     Faith    .   (armour unavailable)
rPois    .         Spirit   .   (helmet unavailable)
rElec    .         Reflect  .   (cloak unavailable)
rCorr    .         Harm     .   (gloves unavailable)
MR       .....                  (boots unavailable)
Stlth    +++.......             (no amulet)
HPRegen  0.02/turn              (no ring)
MPRegen  0.09/turn              (no ring)

@: quick
A: no armour, no weapons or thrown items, stealth, claws 1, fangs 3, see
invisible, carnivore 3, speed 1, shaggy fur 1, slow metabolism 1, sharp paws
a: no special abilities


Innate Abilities, Weirdness & Mutations

You cannot wear armour.
You are incapable of wielding weapons or throwing items.
Your paws allow you to move quietly. (Stealth)
You have sharp claws.
You have razor-sharp teeth.
You have supernaturally acute eyesight. (SInv)
You are carnivorous and can eat meat at any time.
You cover ground quickly.
You are covered in fur. (AC +1)
You have a slow metabolism.
Your sharp claws are effective at attacking unaware monsters.


   Skills:
 - Level 2.6 Dodging
 + Level 4.1 Stealth
 + Level 1.2 Unarmed Combat
 + Level 2.1 Spellcasting
 - Level 4.4 Hexes


You had 3 spell levels left.
You knew the following spells:

 Your Spells              Type           Power        Failure   Level  Hunger
a - Corona                Hex            ###....      3%          1    #......

Action                   || total
-------------------------++-------
Melee: Unarmed           ||    31
       Bite              ||     1
 Cast: Corona            ||     1
  Eat: Chunk             ||     1
Armor: Skin              ||     4
Dodge: Dodged            ||    32

Inventory:

Scrolls
 d - a scroll of magic mapping {unknown}
Potions
 c - a potion of ambrosia {unknown}
Books
 a - a book of Maledictions

   Spells                             Type                      Level
   a - Corona                         Hexes                        1
   b - Ensorcelled Hibernation        Hexes/Ice                    2
   c - Confuse                        Hexes                        3
   d - Tukima's Dance                 Hexes                        3
   e - Dazzling Spray                 Conjuration/Hexes            3
Comestibles
 b - a meat ration

Dungeon Overview and Level Annotations

Branches:
Dungeon (1/15)

Altars:


You were on level 1 of the Dungeon.
You were not hungry.

You visited 1 branch of the dungeon, and saw 1 of its levels.

You collected 35 gold pieces.


Message History

Found 19 gold pieces and a club.
There are monsters nearby!
There are monsters nearby!
There are monsters nearby!
The kobold throws a stone.
The stone misses you.
You scratch the kobold.
You kill the kobold!
The bat completely misses you.
You closely miss the bat. The bat barely misses you.
The bat hits you but does no damage. The bat hits you.
You take 1 damage, and have 6/7 hp.
You scratch the bat. Your bite misses the bat. The bat completely misses you.
The bat closely misses you. The bat hits you but does no damage.
The bat hits you. The bat closely misses you.
You take 1 damage, and have 5/7 hp.
You scratch the bat but do no damage. The bat barely misses you.
The bat hits you.
You scratch the bat but do no damage. The bat closely misses you.
The bat barely misses you.
You miss the bat. The bat misses you.
You scratch the bat. The bat misses you. The bat completely misses you.
You scratch the bat but do no damage. The bat closely misses you.
The bat barely misses you. x2
You miss the bat. The bat hits you but does no damage.
You barely miss the bat. The bat hits you but does no damage.
You closely miss the bat. The bat misses you.
You miss the bat. The bat misses you.
You scratch the bat.
You kill the bat!
No target in view!
No target in view!
You start resting.
Health restored: 7 You butcher the bat corpse.
f - a chunk of flesh You see here a bat skeleton. x2
Eating a chunk of flesh.
You eat the chunk of flesh.
This raw flesh tastes great.
You now have 35 gold pieces (gained 19).
You see here 2 stones.
You see here a club.
A kobold comes into view. It is wielding a club.
The kobold shouts!
A kobold is nearby!
A kobold is nearby!
A kobold is nearby!
The kobold completely misses you.
Found a scroll labeled HAW OTSEGHORUUMAV.
You barely miss the kobold. The kobold closely misses you.
You scratch the kobold. The kobold closely misses you.
You scratch the kobold. The kobold barely misses you.
You scratch the kobold but do no damage.
The kobold closely misses you.
You barely miss the kobold.
You scratch the kobold but do no damage.
The kobold barely misses you.
You barely miss the kobold. You bite the kobold, but do no damage.
The kobold barely misses you.
You scratch the kobold. The kobold hits you with a club.
You take 1 damage, and have 6/7 hp.
You scratch the kobold but do no damage.
The kobold misses you.
You closely miss the kobold. The kobold closely misses you.
You scratch the kobold but do no damage.
The kobold hits you with a club.
Ouch! That really hurt!
* * * LOW HITPOINT WARNING * * *
You take 5 damage, and have 1/7 hp.
MASSIVE DAMAGE!!
You are too injured to fight recklessly!
You are too injured to fight recklessly!
You are too injured to fight recklessly!
You are too injured to fight recklessly!
You are too injured to fight recklessly!
You see here 21 stones.
There is a staircase leading out of the dungeon here.
A giant cockroach comes into view.
You start resting.
A giant cockroach is nearby!
A giant cockroach is nearby!
You start resting.
Unknown command.
Aim: a giant cockroach (clinging, chance to defeat MR: 69%)
The giant cockroach is outlined in light.
The giant cockroach closely misses you.
You now have 3/4 mp.
You are too injured to fight recklessly!
You are too injured to fight recklessly!
You are too injured to fight recklessly!
You scratch the giant cockroach but do no damage.
The giant cockroach closely misses you. The giant cockroach bites you.
* * * LOW HITPOINT WARNING * * *
You take 1 damage, and have 1/7 hp.
You scratch the giant cockroach. The giant cockroach misses you.
You scratch the giant cockroach but do no damage.
The giant cockroach barely misses you.
You scratch the giant cockroach but do no damage.
The giant cockroach bites you.
You die...

#### #......# ##..##
#.###..# #...#.#### ##.#
#... ##s.##...## ###..#
#.## ##......<..# ###....#
#.## #....##....###...##.#
#K##
#...#####...#.(.##..#.#.##
#..s## ###...##...###....
##...####@........## ####.
##...##s....#############
###.....####........K...
#######....#..########
........####).#
##.........##(##
#.........##..#
#......?..##..#######
#.........##.........


You could see a giant cockroach.

Notes
Turn   | Place    | Note
-------+----------+-------------------------------------------
     0 | D:1      | theanonym the Felid Enchanter began the quest for the Orb.
     0 | D:1      | Reached XP level 1. HP: 7/7 MP: 4/4
     0 | D:1      | theanonym: ??feen
     0 | D:1      | beem: I don't have a page labeled feen in my learndb. Did you mean: feee, --fe, fe, fe--.
   183 | D:1      | HP: 1/7 [kobold/club (5)]
   241 | D:1      | HP: 1/7 [giant cockroach (1)]
   244 | D:1      | Slain by a giant cockroach

Vanquished Creatures
  A bat (D:1)
  2 kobolds (D:1)
3 creatures vanquished.
